 Dungeon Crawl Stone Soup version 0.20-a0-901-g27f6fa8 (webtiles) character file.

370 BrendanD the Slasher (level 6, 0/47 HPs)
             Began as a Demonspawn Berserker on Mar 19, 2017.
             Was a Believer of Trog.
             Succumbed to a scorpion's poison
             ... on level 4 of the Dungeon.
             The game lasted 00:07:30 (3154 turns).

BrendanD the Slasher (Demonspawn Berserker)         Turns: 3154, Time: 00:07:31

Health: 0/47       AC:  6    Str: 19    XL:     6   Next: 42%
Magic:  2/6        EV: 19    Int:  9    God:    Trog [**....]
Gold:   141        SH:  0    Dex: 17    Spells: 5/5 levels left

rFire    . . .     SeeInvis .   a - +0 falchion
rCold    . . .     Gourm    .   b - +0 animal skin
rNeg     . . .     Faith    .   (no shield)
rPois    .         Spirit   +   (no helmet)
rElec    .         Reflect  .   s - +0 cloak
rCorr    .         Harm     .   u - +0 pair of gloves
MR       .....                  (no boots)
Stlth    +++.......             v - amulet of rage
Regen    0.2/turn               (no ring)
MPRegen  0.2/turn               o - ring of flight

@: agile, lethally poisoned (0 -> -13), exhausted, hasted and slowed
A: talons 1, yellow scales 1, magic shield, magic regeneration
a: Berserk, Trog's Hand, Burn Spellbooks, Renounce Religion, Evoke Berserk Rage,
Evoke Flight


You were on level 4 of the Dungeon.
You worshipped Trog.
Trog was pleased with you.
You were not hungry.

You visited 1 branch of the dungeon, and saw 4 of its levels.

You collected 141 gold pieces.

Inventory:

Hand Weapons
 a - a +0 falchion (weapon)
Missiles
 w - a throwing net (quivered) {!f}
Armour
 b - a +0 animal skin (worn)
 s - a +0 cloak (worn)
 u - a +0 pair of gloves (worn)
 B - a +2 leather armour of cold resistance
 C - a +0 plate armour
Jewellery
 o - a ring of flight (left hand)
 v - an amulet of rage (around neck)
Wands
 t - a wand of lightning (5/15)
 y - a wand of flame (0/48)
Scrolls
 d - a scroll of enchant weapon {unknown}
 e - 4 scrolls of identify {@r1}
 g - a scroll of fear {unknown}
 j - 2 scrolls of immolation {unknown}
 m - a scroll of noise {unknown}
 p - a scroll of amnesia {unknown}
 q - a scroll of remove curse {unknown}
 x - a scroll of random uselessness {unknown}
 z - a scroll of magic mapping {unknown}
Potions
 f - a potion of degeneration {unknown}
 h - 2 potions of lignification {unknown}
 i - a potion of magic {unknown}
 k - a potion of haste {@q3}
 l - 2 potions of agility
 r - 2 potions of might {unknown}
Comestibles
 c - 3 bread rations
 n - 2 meat rations
 A - a royal jelly


   Skills:
 - Level 3.0 Fighting
 * Level 5.6 Long Blades
 - Level 1.7 Armour
 + Level 3.8 Dodging


You had 5 spell levels left.
You didn't know any spells.

Dungeon Overview and Level Annotations

Branches:
Dungeon (4/15)
 Temple: D:4-7

Altars:
Makhleb
Uskayaw
Vehumet
The Shining One


Innate Abilities, Weirdness & Mutations

You have sharp toenails.
You are partially covered in yellow scales. (AC +2)
When hurt, damage is shared between your health and your magic reserves.
You regenerate magic rapidly.


Message History

You are lethally poisoned!
The scorpion poisons you!
You're too exhausted to go berserk.
* * * LOW HITPOINT WARNING * * *
You feel sick.
A magic dart appears from out of thin air!
The magic dart hits you!
* * * LOW HITPOINT WARNING * * *
The adder closely misses you.
You riposte.
You hit the adder. You claw the adder.
It was a potion of agility.
You feel agile all of a sudden.
* * * LOW HITPOINT WARNING * * *
You feel sick. The adder bites you but does no damage.
The scorpion stings you but does no damage.
The adder barely misses you. The scorpion misses you.
You riposte.
You hit the scorpion but do no damage.
You claw the scorpion, but do no damage.
It was a potion of haste.
You feel yourself speed up.
You die...

...# ######...# ...#
##..# ...# #... ...##
...# ....######### .#
............## .#
##...........# .#
##.....##....#####.#
#......###....##@.#####
...............sSw....#
......))...............#
..###..)........>.......
(.# #..)...............#
.## #..................#
.###..................##
..##..................#
.....................##


You could see a worm, a scorpion and an adder.

Vanquished Creatures
  Edmund (D:4)
  A crimson imp (D:3)
  An orc priest (D:4)
  A hound (D:3)
  Natasha (D:4)
  6 adders
  An ooze (D:4)
  A worm (D:2)
  2 dart slugs
  2 leopard geckos
  8 orcs
  7 giant cockroaches
  5 goblins
  9 hobgoblins
  2 jackals (D:2)
  8 kobolds
  A quokka (D:3)
  6 bats
  4 frilled lizards
  2 rats
69 creatures vanquished.

Notes
Turn   | Place    | Note
-------+----------+-------------------------------------------
     0 | D:1      | BrendanD the Demonspawn Berserker began the quest for the Orb.
     0 | D:1      | Reached XP level 1. HP: 18/18 MP: 1/1
    69 | D:1      | Reached skill level 3 in Long Blades
    93 | D:1      | Gained mutation: When hurt, damage is shared between your health and your magic reserves. [demonic ancestry]
    93 | D:1      | Reached XP level 2. HP: 7/24 MP: 2/2
   678 | D:1      | Reached XP level 3. HP: 29/29 MP: 3/3
  1061 | D:2      | Reached ** piety under Trog
  1626 | D:2      | Gained mutation: You regenerate magic rapidly. [demonic ancestry]
  1626 | D:2      | Reached XP level 4. HP: 35/35 MP: 4/4
  1642 | D:2      | Reached skill level 4 in Long Blades
  2213 | D:3      | Gained mutation: You have sharp toenails. [demonic ancestry]
  2213 | D:3      | Reached XP level 5. HP: 30/41 MP: 3/5
  2513 | D:3      | Found a radiant altar of Vehumet.
  2514 | D:3      | Found a burning altar of Makhleb.
  2664 | D:3      | Found a glowing golden altar of the Shining One.
  2904 | D:4      | Found a hide-covered altar of Uskayaw.
  2987 | D:4      | Noticed Edmund
  2998 | D:4      | Killed Edmund
  2998 | D:4      | Reached skill level 5 in Long Blades
  2998 | D:4      | Gained mutation: You are partially covered in yellow scales. (AC +2) [demonic ancestry]
  2998 | D:4      | Reached XP level 6. HP: 43/47 MP: 4/6
  3082 | D:4      | Noticed Natasha
  3089 | D:4      | Killed Natasha
  3153 | D:4      | HP: 2/47 [poisoned by a scorpion]
  3154 | D:4      | Succumbed to a scorpion's poison

Vault maps used:
D:1:      onia_arrival_pentagram, serial_glass, glass_columns_b,
          glass_columns_b, glass_columns_b, glass_columns_b, glass_columns_a,
          glass_columns_b, glass_columns_a, glass_columns_c, eino_curves_04
D:2:      kennysheep_generic_room_3
D:3:      grunt_temple_overflow_lords_of_destruction, tso_altar
D:4:      eat_drink_and_be_merry_uskayaw, first_bread, enter_ossuary_4,
          uniq_edmund, uniq_crazy_yiuf_cottage, uniq_natasha

Skill      XL: |  1  2  3  4  5 |
---------------+----------------+-----
Long Blades    | 3 4 5 |  5.6
Dodging        | 2 3 |  3.8
Fighting       | |  3.0
Armour         | |  1.7

Action                   |  1- 3 |  4- 6 || total
-------------------------+-------+-------++-------
Melee: Falchion          |    96 |   108 ||   204
       Kick              |       |    25 ||    25
Invok: Berserk           |     1 |     4 ||     5
  Use: Scroll            |       |     1 ||     1
       Potion            |       |     2 ||     2
 Stab: Sleeping          |       |     1 ||     1
  Eat: Chunk             |     3 |     5 ||     8
       Bread ration      |       |     1 ||     1
Armor: Animal skin       |    20 |    19 ||    39
Dodge: Dodged            |    95 |    79 ||   174
       Rpst.: Falchion   |    33 |    24 ||    57
